 Dungeon Crawl Stone Soup version 0.30-b1-5-g8e6c1be481 (webtiles) character file.

Game seed: 813912124548318131

37753 croobank the Covert (level 13, 0/99 HPs)
             Began as a Demonspawn Fire Elementalist on May 5, 2023.
             Was a High Priest of Vehumet.
             Slain by an elephant (4 damage)
             ... on level 3 of the Lair of Beasts.
             The game lasted 01:17:42 (15715 turns).

croobank the Covert (Demonspawn Fire Elementalist) Turns: 15715, Time: 01:17:43

Health: 0/99       AC: 10    Str: 11    XL:     13   Next: 60%
Magic:  15/25      EV: 16    Int: 20    God:    Vehumet [*****.]
Gold:   756        SH:  0    Dex: 17    Spells: 6/28 levels left

rFire   . . .        a - +4 short sword (speed)
rCold   . . .        (no shield)
rNeg    . . .        H - +2 leather armour {Will+}
rPois   .            (no helmet)
rElec   .            w - +0 cloak
rCorr   +            (no gloves)
SInv    .            (no boots)
Will    +....        s - amulet of magic regeneration
Stlth   ++++++       z - +4 ring of protection
HPRegen 0.36/turn    R - ring of resist corrosion
MPRegen 0.59/turn

%: no passive effects
@: no status effects
A: thin skeletal structure 2, demonic guardian 3, demonic magic 2, demonic touch
1
a: Renounce Religion


You were on level 3 of the Lair of Beasts.
You worshipped Vehumet.
Vehumet was extremely pleased with you.
You visited 2 branches of the dungeon, and saw 17 of its levels.
You also visited: Bailey.

You collected 844 gold pieces.
You spent 88 gold pieces at shops.

Inventory:

Hand Weapons
 a - a +4 short sword of speed (weapon)
 b - a +0 broad axe
 j - a +3 scimitar of flaming
 o - the +5 hand axe of Qaninaho {drain, rElec}
   (You found it in a bailey)

   rElec:     It insulates you from electricity.
 p - a +0 war axe of draining
 C - the +5 long sword "Paguggaq" {pain, rF+}
   (You found it on level 4 of the Dungeon)

   rF:        It protects you from fire.
 G - a +1 rapier of speed
 T - a +0 arbalest
Missiles
 y - 28 poisoned darts
 D - 6 boomerangs
 V - 3 atropa-tipped darts
Armour
 w - a +0 cloak (worn)
 A - a +2 robe of positive energy
 E - a +0 hat
 F - an orb of wrath
 H - a +2 leather armour of willpower (worn)
 Q - a +0 troll leather armour
Jewellery
 f - an amulet of regeneration
 l - a ring of see invisible
 s - an amulet of magic regeneration (around neck)
 z - a +4 ring of protection (left hand)
 N - a ring of poison resistance
 R - a ring of resist corrosion (right hand)
 S - a ring of protection from cold
Wands
 u - a wand of polymorph (21)
 x - a wand of paralysis (27)
 K - a wand of flame (89)
 L - a wand of iceblast (10)
 W - a wand of mindburst (11)
 X - a wand of digging (3)
Scrolls
 c - 4 scrolls of teleportation
 h - a scroll of vulnerability
 i - 5 scrolls of fear
 m - 5 scrolls of magic mapping
 t - a scroll of fog
 M - a scroll of blinking
 U - 4 scrolls of identify
 Y - a scroll of amnesia
 Z - 2 scrolls of poison
Potions
 d - 6 potions of curing
 e - 2 potions of resistance
 g - 6 potions of might
 k - 4 potions of ambrosia
 n - 2 potions of lignification
 q - 7 potions of flight
 r - 2 potions of heal wounds
 B - a potion of attraction
 I - 2 potions of invisibility
 J - 4 potions of mutation
 O - 2 potions of brilliance
 P - a potion of magic


   Skills:
 + Level 8.3 Fighting
 * Level 8.5 Short Blades
 - Level 4.0 Armour
 + Level 8.1 Dodging
 + Level 9.5 Stealth
 + Level 8.1 Spellcasting
 + Level 8.6 Conjurations
 - Level 5.0 Hexes
 + Level 8.2 Fire Magic


You had 6 spell levels left.
You knew the following spells:

 Your Spells              Type           Power      Damage    Failure   Level
a - Foxfire               Conj/Fire      100%       2x1d9     1%          1
b - Scorch                Fire           82%        2d8       1%          2
c - Inner Flame           Hex/Fire       34%        N/A       1%          3
d - Flame Wave            Conj/Fire      42%        2d11      1%          4
e - Apportation           Tloc           16%        N/A       11%         1
f - Static Discharge      Conj/Air       50%        2-5/arc   1%          2
g - Hailstorm             Conj/Ice       25%        3d7       1%          3
h - Plasma Beam           Fire/Air       12%        2x1d25    56%         6

Your spell library contained the following spells:

 Spells                   Type           Power      Damage    Failure   Level
 Momentum Strike          Conj/Tloc      50%        3d9       1%          2
 Volatile Blastmotes      Fire/Tloc      48%        2d14      1%          3
 Tukima's Dance           Hex            28%        N/A       4%          3
 Necrotise                Necr           32%        1d5       11%         1
 Summon Small Mammal      Summ           32%        N/A       11%         1
 Portal Projectile        Hex/Tloc       36%        N/A       12%         3
 Blink                    Tloc           16%        N/A       16%         2
 Lesser Beckoning         Tloc           16%        N/A       16%         2
 Ozocubu's Armour         Ice            8%         N/A       32%         3
 Metabolic Englaciation   Hex/Ice        9%         N/A       71%         5
 Blade Hands              Tmut           4%         N/A       96%         5
 Simulacrum               Ice/Necr       4%         N/A       100%        6


Dungeon Overview and Level Annotations

Branches:
Dungeon (13/15)            Temple (0/1) D:6            Lair (4/5) D:11
  Swamp (0/4) Lair:3          Orc (0/2) D:10         Vaults (0/5) D:13
 Bailey (visited)
  Snake: Lair:2-3    Spider: Lair:2-3     Slime: Lair:4-5

Altars:
Ashenzari
Cheibriados
Hepliaklqana
Kikubaaqudgha
Qazlal
Ru
Sif Muna
Uskayaw
Vehumet
Yredelemnul

Shops:
D:4 [   D:7 (

Annotations:
D:10 2 runed translucent doors
D:13 !platoon of vault guards


Innate Abilities, Weirdness & Mutations

You have a moderately thin skeletal structure. (Dex +4, Stealth++)
A powerful demonic guardian rushes to your aid.
Spells you cast may paralyse nearby enemies.
Your touch may inflict minor irresistible damage on your foes.


Message History

The elephant is heavily wounded.
You are struck by an arc of lightning.
* * * LOW HITPOINT WARNING * * *
The elephant is struck by an arc of lightning.
The elephant is heavily wounded.
The lightning grounds out.
Malevolent energies surge around you. The elephant closely misses you.
The elephant barely misses you.
The elephant tramples you but does no damage.
The elephant misses you.
Casting: Static Discharge (safe; 1% risk of failure)
Confirm with . or Enter, or press ? or * to list all spells.
The elephant is struck by an arc of lightning.
The elephant is almost dead.
You are struck by an arc of lightning.
* * * LOW HITPOINT WARNING * * *
The elephant is struck by an arc of lightning.
The elephant is heavily wounded.
You are struck by an arc of lightning.
* * * LOW HITPOINT WARNING * * *
The lightning grounds out.
Malevolent energies surge around you.
The elephant tramples you but does no damage.
The elephant closely misses you. The elephant barely misses you.
The elephant trunk-slaps you but does no damage.
Casting: Static Discharge (safe; 1% risk of failure)
Confirm with . or Enter, or press ? or * to list all spells.
The elephant is struck by an arc of lightning!
The elephant is almost dead.
You are struck by an arc of lightning.
* * * LOW HITPOINT WARNING * * *
The elephant is struck by an arc of lightning.
The elephant is severely wounded.
You are struck by an arc of lightning.
* * * LOW HITPOINT WARNING * * *
A demonic guardian appears!
The lightning grounds out.
Malevolent energies surge around you. The elephant tramples you!
* * * LOW HITPOINT WARNING * * *
You hold your ground!
The elephant trunk-slaps you but does no damage.
The elephant tramples you.
You die...

.........
..................... .....
.........#..###...... .....
........#.##.##.....# ....
#.#......#....#....#. ....
###..#.............#.....##
##..... ##.........#......#
...... #..2..##†........##
..... #.....##.†..#....#
####... ##Y@Y...##...#....#
...##..##.#....#÷÷##.......#
.................÷........#.
.................÷..........
...............>÷...........
............................
...........†................
..#...#.....................
. ##..###...................


You could see 2 elephants and a friendly balrug (summoned).

Vanquished Creatures
  Gastronok (D:9)
  2 vault guards
  A hydra (Lair:2)
  A catoblepas (Lair:3)
  A two-headed ogre (D:12)
  A boulder beetle (Lair:3)
  Erica (D:8)
  3 death yaks
  A skyshark (Lair:2)
  Pikel (D:9)
  An ugly thing (D:12)
  A cyclops (D:12)
  3 black mambas
  Maurice (D:8)
  4 elephants (Lair:3)
  3 cane toads (Lair:2)
  Maggie (D:10)
  A gargoyle (D:12)
  2 torpor snails (Lair:2)
  A rime drake (Lair:2)
  An unseen horror (D:10)
  Psyche (D:8)
  A kobold demonologist (D:12)
  6 komodo dragons
  4 trolls
  Grinder (D:5)
  Prince Ribbit (Bailey)
  13 blink frogs
  8 wraiths
  21 yaks
  2 shadows
  5 humans (Bailey)
  2 wyverns
  Eustachio (D:5)
  3 basilisks
  A steam dragon (D:8)
  Menkaure (D:7)
  12 water moccasins
  A sky beast (D:7)
  5 orc warriors
  4 black bears
  2 ogres (D:6)
  A centaur (D:6)
  A wolf (Lair:2)
  2 lemures (D:9)
  A phantom (D:5)
  Blork the orc (D:5)
  18 bullfrogs
  2 necrophages (D:5)
  2 gnoll sergeants
  4 scorpions
  2 water moccasin zombies (D:5)
  6 wights
  13 killer bees
  6 howler monkeys
  3 hounds
  7 orc priests
  A jelly (D:5)
  A human zombie (D:5)
  3 bullfrog zombies (D:5)
  4 iguanas
  9 orc wizards
  2 mummies (D:5)
  12 gnolls
  12 adders
  A white imp (D:8)
  An ufetubus (D:5)
  A dart slug (D:3)
  2 worms (D:2)
  36 orcs
  5 ball pythons
  7 endoplasms
  3 giant cockroaches
  3 goblins
  6 hobgoblins
  7 jackals
  9 kobolds
  5 quokkas
  6 bats
  8 frilled lizards
  5 rats
345 creatures vanquished.

Vanquished Creatures (collateral kills)
  Josephine (D:11)
  A vault guard (Bailey)
  A death yak (Lair:1)
  9 blink frogs
  2 wraiths (D:11)
  A wyvern (Lair:2)
  3 humans (Bailey)
  3 yaks (Lair:2)
  A water moccasin (Lair:2)
  A black bear (D:11)
  An orc warrior (D:11)
  2 wolves (Lair:2)
  A lemure (D:9)
  A necrophage (D:5)
  A scorpion (D:11)
  2 killer bees (D:10)
  An orc priest (D:3)
  A gnoll (Bailey)
33 creatures vanquished.

Vanquished Creatures (others)
  A water elemental (D:10)
  A bush (Lair:3)
  353 foxfires
  43 fungi
  22 plants
420 creatures vanquished.

Grand Total: 798 creatures vanquished

Notes
Turn   | Place    | Note
-------+----------+-------------------------------------------
     0 | D:1      | croobank the Demonspawn Fire Elementalist began the quest
                  | for the Orb.
     0 | D:1      | Reached XP level 1. HP: 13/13 MP: 3/3
   228 | D:1      | Reached skill level 2 in Stealth
   228 | D:1      | Gained mutation: Spells you cast may paralyse adjacent
                  | enemies. [demonic ancestry]
   228 | D:1      | Reached XP level 2. HP: 19/19 MP: 0/5
   348 | D:1      | Learned a level 2 spell: Scorch
   830 | D:2      | Gained mutation: Your touch may inflict minor irresistible
                  | damage on your foes. [demonic ancestry]
   830 | D:2      | Reached XP level 3. HP: 25/25 MP: 1/6
   834 | D:2      | Learned a level 3 spell: Inner Flame
  1610 | D:2      | Reached skill level 1 in Fighting
  1610 | D:2      | Reached XP level 4. HP: 32/32 MP: 2/7
  2550 | D:3      | Gained mutation: A weak demonic guardian rushes to your
                  | aid. [demonic ancestry]
  2550 | D:3      | Reached XP level 5. HP: 37/37 MP: 9/9
  3095 | D:4      | Reached skill level 3 in Stealth
  3134 | D:4      | Found Loddug's Antique Armour Boutique.
  3142 | D:4      | Bought an embroidered robe for 88 gold pieces
  3234 | D:4      | Found an ancient bone altar of Kikubaaqudgha.
  3245 | D:4      | Gained mutation: You have a somewhat thin skeletal
                  | structure. (Dex +2, Stealth+) [demonic ancestry]
  3245 | D:4      | Reached XP level 6. HP: 44/44 MP: 10/10
  3461 | D:4      | Found a radiant altar of Vehumet.
  3468 | D:4      | Found a shimmering blue altar of Sif Muna.
  3474 | D:4      | Got Kikubaaqudgha's Compendium of Last Rites
  3490 | D:4      | Became a worshipper of Vehumet
  3551 | D:4      | Identified the +5 long sword "Paguggaq" {pain, rF+}
  3593 | D:4      | Noticed a water moccasin
  3598 | D:4      | Killed a water moccasin
  3599 | D:4      | Reached skill level 1 in Hexes
  3757 | D:4      | Gained mutation: A demonic guardian rushes to your aid.
                  | [demonic ancestry]
  3757 | D:4      | Reached XP level 7. HP: 38/50 MP: 7/12
  3987 | D:5      | Entered Level 5 of the Dungeon
  4142 | D:5      | Noticed Grinder
  4350 | D:5      | Noticed Eustachio
  4351 | D:5      | Found a basalt altar of Yredelemnul.
  4380 | D:5      | Killed Eustachio
  4381 | D:5      | Reached XP level 8. HP: 50/58 MP: 8/13
  4385 | D:5      | Reached skill level 4 in Stealth
  4455 | D:5      | Reached skill level 1 in Armour
  4482 | D:5      | Reached * piety under Vehumet
  4482 | D:5      | Offered knowledge of Kiss of Death by Vehumet.
  4512 | D:5      | Noticed Blork the orc
  4526 | D:5      | Killed Blork the orc
  4529 | D:5      | Paralysed by Grinder for 5 turns
  4612 | D:6      | Found a staircase to the Ecumenical Temple.
  4665 | D:6      | Found a sacrificial altar of Ru.
  5183 | D:6      | Reached XP level 9. HP: 61/65 MP: 7/15
  5897 | D:7      | Found Omikug Imp's Antique Weapon Shop.
  5910 | D:7      | Noticed Menkaure
  5918 | D:7      | Killed Menkaure
  5919 | D:7      | Reached skill level 5 in Hexes
  6095 | D:7      | Reached ** piety under Vehumet
  6097 | D:7      | Offered knowledge of Freeze by Vehumet.
  6263 | D:7      | Reached skill level 5 in Stealth
  6263 | D:7      | Reached skill level 5 in Fire Magic
  6949 | D:7      | Found a hide-covered altar of Uskayaw.
  7044 | D:8      | Found a flagged portal.
  7058 | D:8      | Reached skill level 5 in Conjurations
  7107 | D:8      | Learned a level 4 spell: Flame Wave
  7184 | D:8      | Noticed Erica
  7193 | D:8      | Killed Erica
  7194 | D:8      | Reached skill level 5 in Dodging
  7194 | D:8      | Reached skill level 5 in Spellcasting
  7194 | D:8      | Gained mutation: A powerful demonic guardian rushes to your
                  | aid. [demonic ancestry]
  7194 | D:8      | Reached XP level 10. HP: 70/73 MP: 7/17
  7360 | Bailey   | Entered a bailey
  7365 | Bailey   | Learned a level 1 spell: Apportation
  7390 | Bailey   | Offered knowledge of Static Discharge by Vehumet.
  7391 | Bailey   | Reached skill level 5 in Fighting
  7496 | Bailey   | Reached skill level 6 in Stealth
  7504 | Bailey   | Reached skill level 1 in Short Blades
  7561 | Bailey   | Noticed a vault guard
  7569 | Bailey   | Noticed a vault guard
  7569 | Bailey   | Noticed Prince Ribbit
  7584 | Bailey   | Killed Prince Ribbit
  7605 | Bailey   | Killed a vault guard
  7605 | Bailey   | Reached *** piety under Vehumet
  7608 | Bailey   | Identified the +5 hand axe of Qaninaho {drain, rElec} (You
                  | found it in a bailey)
  7901 | Bailey   | Killed a vault guard
  8240 | D:8      | Found a broken altar of Ashenzari.
  8240 | D:8      | Noticed Psyche
  8247 | D:8      | Killed Psyche
  8282 | D:8      | Gained mutation: You have a moderately thin skeletal
                  | structure. (Dex +4, Stealth++) [demonic ancestry]
  8282 | D:8      | Reached XP level 11. HP: 58/81 MP: 10/19
  8364 | D:8      | Noticed Maurice
  8368 | D:8      | Killed Maurice
  8424 | D:8      | Reached skill level 7 in Stealth
  8522 | D:8      | Found a snail-covered altar of Cheibriados.
  8876 | D:5      | Killed Grinder
  9055 | D:5      | Found a hazy altar of Hepliaklqana.
  9068 | D:5      | Learned a level 2 spell: Static Discharge
  9303 | D:9      | Offered knowledge of Hailstorm by Vehumet.
  9753 | D:9      | Noticed Pikel
  9769 | D:9      | Killed Pikel
  9872 | D:9      | Noticed Gastronok
  9918 | D:9      | Killed Gastronok
 10259 | D:10     | Entered Level 10 of the Dungeon
 10330 | D:10     | Found a staircase to the Orcish Mines.
 10775 | D:10     | Reached **** piety under Vehumet
 10786 | D:10     | Noticed Maggie
 10792 | D:10     | Killed Maggie
 10897 | D:10     | Found a stormy altar of Qazlal.
 10980 | D:10     | Found a large runed translucent door.
 10980 | D:10     | Found a large runed translucent door.
 11213 | D:10     | Learned a level 3 spell: Hailstorm
 11414 | D:11     | Reached skill level 5 in Short Blades
 11416 | D:11     | Reached skill level 8 in Stealth
 11436 | D:11     | Offered knowledge of Stone Arrow by Vehumet.
 11644 | D:11     | Found a staircase to the Lair.
 11732 | D:11     | Noticed Josephine
 11790 | D:11     | Killed Josephine
 11791 | D:11     | Reached XP level 12. HP: 46/89 MP: 17/22
 12231 | D:12     | Noticed a two-headed ogre
 12235 | D:12     | Killed a two-headed ogre
 12744 | D:12     | Found a hide-covered altar of Uskayaw.
 12888 | D:13     | Found a gate to the Vaults.
 12888 | D:13     | Noticed a vault guard
 12888 | D:13     | Noticed a vault guard
 12888 | D:13     | Noticed a vault guard
 12888 | D:13     | Noticed a vault guard
 12888 | D:13     | Noticed a vault guard
 12888 | D:13     | Noticed a vault guard
 12888 | D:13     | Noticed a vault guard
 12889 | D:13     | Noticed a vault guard
 12902 | D:12     | Killed a vault guard
 13001 | Lair:1   | Entered Level 1 of the Lair of Beasts
 13176 | Lair:1   | Noticed a death yak
 13177 | Lair:1   | Noticed a death yak
 13177 | Lair:1   | Noticed a death yak
 13177 | Lair:1   | Noticed a death yak
 13187 | Lair:1   | Killed a death yak
 13187 | Lair:1   | Reached ***** piety under Vehumet
 13201 | Lair:1   | Killed a death yak
 13201 | Lair:1   | Offered knowledge of Iskenderun's Battlesphere by Vehumet.
 13306 | D:11     | Killed a death yak
 13345 | Lair:1   | Killed a death yak
 13937 | Lair:2   | Noticed a four-headed hydra
 13946 | Lair:2   | Killed a one-headed hydra
 14054 | Lair:2   | Reached skill level 9 in Stealth
 14054 | Lair:2   | Gained mutation: Spells you cast may paralyse nearby
                  | enemies. [demonic ancestry]
 14054 | Lair:2   | Reached XP level 13. HP: 89/98 MP: 22/24
 14185 | Lair:2   | You fall into a shaft and drop 2 floors!
 14203 | Lair:3   | Found a staircase to the Swamp.
 14593 | Lair:2   | Found a snail-covered altar of Cheibriados.
 15430 | Lair:3   | Offered knowledge of Plasma Beam by Vehumet.
 15474 | Lair:3   | Learned a level 6 spell: Plasma Beam
 15715 | Lair:3   | HP: 4/99 [elephant (14)]
 15715 | Lair:3   | Slain by an elephant

Illustrated notes

Levels and vault maps discovered:
D:1:      dpeg_arrival_windows_large_door, layout_rooms
D:2:      layout_basic, serial_glass, glass_columns_a, glass_columns_a,
          roderic_roman_lattice, chequers_serial_rivers_room_b
D:3:      layout_basic, nrook_mini_backslash
D:4:      layout_basic, grunt_temple_overflow_magic_moments, serial_shops, shop
D:5:      layout_basic, mainiacjoe_overflow_surrounded_room,
          lemuel_mausoleum_altar_yredelemnul, uniq_blork_the_orc, uniq_grinder,
          uniq_eustachio
D:6:      layout_loops_ring, nicolae_ru_sacrificial_ziggurat, elyvilon_altar_1,
          minmay_temple_entry_statues_fountains
D:7:      layout_basic, mainiacjoe_overflow_alcove_2, serial_shops, shop,
          uniq_menkaure
D:8:      layout_basic, ashenzari_altar_1, cheibriados_altar_1, serial_glass,
          glass_columns_a, glass_columns_c, glass_columns_a, glass_columns_a,
          glass_columns_a, glass_columns_b, glass_columns_b, glass_columns_b,
          glass_columns_a, glass_columns_c, enter_bailey_6, uniq_erica,
          uniq_psyche, uniq_maurice
D:9:      layout_basic, nicolae_tso_carved_into_rock, uniq_gastronok,
          uniq_prince_ribbit1, uniq_pikel
D:10:     layout_grid_maze, kennysheep_mini_moat, zin_scriptorium, orc_0_dummy,
          lightli_elemental_guards, uniq_maggie
D:11:     layout_irregular_city, grunt_lair_entry_orc_guard_hut, uniq_josephine
D:12:     layout_roguey, nicolae_uskayaw_en_pointe
D:13:     layout_roguey, erik_vaults_2, chequers_jeans
Lair:1:   layout_misc_corridors, grunt_megastairs_2
Lair:2:   layout_gridlike, kennysheep_snail_temple, grunt_megastairs_3
Lair:3:   layout_regular_city, minmay_swamp_entry_reptiles,
          hellmonk_spider_entry_life_and_decay
Lair:4:   layout_cave_pods, nicolae_slime_entry_field_trip, grunt_megastairs_1,
          lemuel_fruit_tree, serial_bayou_shore_b

Skill      XL: |  1  2  3  4  5  6  7  8  9 10 11 12 13 |
---------------+----------------------------------------+-----
Stealth        | 2 3 4 5 6 8 9 |  9.5
Dodging        | 2 3 4 5 6 7 8 |  8.1
Fire Magic     | 3 4 5 6 7 8 |  8.2
Fighting       | 1 2 3 4 5 6 7 8 |  8.3
Conjurations   | 2 3 4 5 6 7 8 |  8.6
Spellcasting   | 3 4 5 6 7 8 |  8.1
Hexes          | 1 3 4 5 |  5.0
Armour         | 2 4 |  4.0
Short Blades   | 2 5 7 8 |  8.5

Action                     |  1- 3 |  4- 6 |  7- 9 | 10-12 | 13-15 || total
---------------------------+-------+-------+-------+-------+-------++-------
  Melee: Short sword       |    16 |    34 |   107 |   181 |    56 ||   394
         Touch             |     1 |     6 |    27 |    29 |     8 ||    71
         Punch             |       |       |     2 |     3 |       ||     5
         Hand axe          |       |       |       |    10 |       ||    10
         Scimitar          |       |       |       |     3 |       ||     3
   Cast: Foxfire           |    53 |    57 |    32 |    17 |    38 ||   197
         Scorch            |    13 |    30 |    94 |    84 |    43 ||   264
         Apportation       |       |       |       |     3 |       ||     3
         Static Discharge  |       |       |       |   203 |    43 ||   246
         Flame Wave        |       |       |       |     1 |       ||     1
         Inner Flame       |       |       |       |       |     1 ||     1
    Use: Scroll            |       |     4 |    19 |     4 |     3 ||    30
         Potion            |       |       |       |     7 |       ||     7
   Stab: Paralysed         |     1 |     4 |    40 |   104 |    21 ||   170
         Sleeping          |       |     7 |    16 |    20 |     3 ||    46
         Distracted        |       |       |       |     1 |       ||     1
 Armour: Robe              |     5 |     6 |    26 |       |       ||    37
         Leather armour    |       |       |       |    13 |    27 ||    40
         Troll leather arm |       |       |       |    48 |     7 ||    55
  Dodge: Dodged            |    14 |    20 |    64 |   191 |    87 ||   376
